 Dungeon Crawl Stone Soup version 0.27.0-66-gdc8fb28755 (webtiles) character file.

Game seed: 6961129039489211689

3269 Malachi the Cleaver (level 10, 0/78 HPs)
             Began as a Hill Orc Fighter on Aug 19, 2021.
             Slain by a hound (4 damage)
             ... on level 5 of the Dungeon.
             The game lasted 00:09:18 (8419 turns).

Malachi the Cleaver (Hill Orc Fighter)              Turns: 8419, Time: 00:09:20

Health: 0/78       AC: 12    Str: 23    XL:     10   Next: 0%
Magic:  10/10      EV:  5    Int:  8    God:
Gold:   386        SH:  0    Dex: 10    Spells: 9/9 levels left

rFire    . . .     SeeInvis .   a - +0 war axe
rCold    . . .     Faith    .   c - +0 kite shield
rNeg     . . .     Spirit   .   e - +0 plate armour
rPois    .         Reflect  .   n - +0 helmet
rElec    .         Harm     .   (no cloak)
rCorr    .         Rampage  .   (no gloves)
Will     .....                  (no boots)
Stlth    ..........             (no amulet)
HPRegen  0.23/turn              (no ring)
MPRegen  0.12/turn              (no ring)

@: confused, brilliant, lethally poisoned (0 -> -3), attractive, slowed,
studying Ice Magic, very slow
A: no striking features
a: no special abilities


You were on level 5 of the Dungeon.
You visited 2 branches of the dungeon, and saw 8 of its levels.

You collected 386 gold pieces.

Inventory:

Hand Weapons
 a - a +0 war axe (weapon)
 d - a +2 halberd of venom
 l - a +4 spectral club
 m - a +2 vorpal hunting sling
Missiles
 i - 20 poisoned darts (quivered)
 s - a throwing net
 y - 7 boomerangs
Armour
 c - a +0 kite shield (worn)
 e - a +0 plate armour (worn)
 n - a +0 helmet (worn)
Jewellery
 t - a +6 ring of dexterity
 v - a ring of protection from fire
Wands
 g - a wand of polymorph (3)
Scrolls
 b - 4 scrolls of teleportation
 f - a scroll of fear
 j - a scroll of fog
 k - a scroll of amnesia
 p - a scroll of silence
 r - 6 scrolls of identify
 u - a scroll of blinking
 x - a scroll of summoning {unknown}
Potions
 q - 2 potions of attraction


   Skills:
 - Level 3.7 Fighting
 * Level 14.1 Axes
 - Level 3.4 Armour
 + Level 9.3 Shields


You had 9 spell levels left.
You didn't know any spells.
Your spell library contained the following spells:

 Spells                   Type           Power      Damage    Failure   Level
 Sandblast                Erth           0%         2d4       100%        1
 Summon Small Mammal      Summ           0%         N/A       100%        1
 Passwall                 Tmut/Erth      0%         N/A       100%        2
 Slow                     Hex            0%         N/A       100%        2
 Call Canine Familiar     Summ           0%         N/A       100%        3
 Confusing Touch          Hex            0%         N/A       100%        3
 Mephitic Cloud           Conj/Pois/Air  0%         N/A       100%        3
 Summon Guardian Golem    Hex/Summ       0%         N/A       100%        3
 Vampiric Draining        Necr           0%         2d6       100%        3
 Leda's Liquefaction      Hex/Erth       0%         N/A       100%        4
 Lee's Rapid Deconstruct  Erth           0%         3d5*      100%        5
 Yara's Violent Unravell  Hex/Tmut       0%         3d3       100%        5
 Shatter                  Erth           0%         3d5*      100%        9


Dungeon Overview and Level Annotations

Branches:
Dungeon (7/15)             Temple (1/1) D:5

Altars:
Ashenzari
Cheibriados
Elyvilon
Fedhas
Gozag
Hepliaklqana
Kikubaaqudgha
Makhleb
Nemelex Xobeh
Okawaru
Qazlal
Ru
Sif Muna
Trog
Uskayaw
Vehumet
Wu Jian
Xom
Yredelemnul
Zin
The Shining One

Shops:
D:2 :   D:7 =

Annotations:
D:4 3 runed translucent doors, YoMomma's ghost, amateur TrBe
D:5 2 runed translucent doors, bobkasz's ghost, amateur MfSu


Message History

You closely miss the hornet. You hit the hound.
You feel very sick. The hound bites you but does no damage.
You block the hornet's attack. You block the hound's attack.
You block the hornet's attack. The hound bites you but does no damage.
Unknown command.
You feel better.
The hornet stings you but does no damage.
You block the hound's attack. The hornet stings you.
* * * LOW HITPOINT WARNING * * *
You are poisoned.
You feel as though you will be slow longer.
The hound barely misses you. The hornet stings you!
* * * LOW HITPOINT WARNING * * *
You feel as though you will be slow longer.
Aiming: Polymorph
Press: ? - help, Shift-Dir - straight line, f - hornet
Aim: a hornet (will become a wyvern, a manticore, or a golden eye, chance to affect: 37%)
The hornet evaporates and reforms as a golden eye!
* * * LOW HITPOINT WARNING * * *
You feel very sick. The hound bites you but does no damage.
The golden eye blinks at you.
You easily resist.
The hound bites you but does no damage.
Unknown command.
It was a potion of attraction.
You feel attractive to monsters.
* * * LOW HITPOINT WARNING * * *
You feel sick. The golden eye blinks at you. You resist with almost no effort.
You block the hound's attack. The hound bites you but does no damage.
The golden eye is pulled toward you!
It was a potion of brilliance.
You feel clever all of a sudden.
* * * LOW HITPOINT WARNING * * *
You feel sick. The hound barely misses you. The golden eye blinks at you.
You are confused.
The hound bites you.
You die...

...####.###....##
##...##...#..### .#
.# ###.####....#
.#..
####..###..#.##
.#.#
....#..#...#..#
#...#
###.##.#...##.#
...# #
#......####.## Z.#
#####....## #..##h#
..##......####..@.#
........#..###..G.#
.........#..##.!..#
..#.###...........#
#...#
##.######.#....
#...# #.# #.#....
##..# #.# #.###....
. ... ..# ..y. ##
### ###


You could see a hound, a golden eye and a howler monkey skeleton.

Vanquished Creatures
  Pikel (D:4)
  A gargoyle (D:6)
  A kobold demonologist (D:7)
  A wyvern (D:7)
  3 sky beasts
  2 black bears
  4 ice beasts
  2 phantoms
  3 kobold brigands (D:7)
  3 scorpions
  A water moccasin skeleton (D:4)
  A centaur zombie (D:7)
  A howler monkey (D:6)
  A hound (D:5)
  3 jellies
  A bullfrog skeleton (D:4)
  A gnoll shaman (D:7)
  2 orc priests
  2 orc wizards (D:6)
  A hound skeleton (D:4)
  Robin (D:3)
  A howler monkey skeleton (D:5)
  6 adders
  14 gnolls
  A shadow imp (D:7)
  2 white imps
  An ufetubus (D:4)
  An adder skeleton (D:4)
  2 worms (D:3)
  4 dart slugs
  7 orcs
  4 bats
  9 endoplasms
  2 giant cockroaches
  12 goblins
  5 hobgoblins
  8 jackals
  6 quokkas
  6 ball pythons
  2 frilled lizards (D:1)
  10 kobolds
  6 rats
  A spectral kobold (D:2)
146 creatures vanquished.

Notes
Turn   | Place    | Note
-------+----------+-------------------------------------------
     0 | D:1      | Malachi the Hill Orc Fighter began the quest for the Orb.
     0 | D:1      | Reached XP level 1. HP: 19/19 MP: 1/1
   140 | D:1      | Reached skill level 3 in Axes
   140 | D:1      | Reached XP level 2. HP: 27/27 MP: 2/2
  1006 | D:2      | Reached XP level 3. HP: 31/33 MP: 3/3
  1029 | D:2      | Reached skill level 4 in Axes
  1449 | D:2      | Found Otum's Book Shoppe.
  1641 | D:2      | Found a faded altar of an unknown god.
  2241 | D:3      | Reached XP level 4. HP: 40/40 MP: 4/4
  2546 | D:3      | Noticed Robin
  2557 | D:3      | Killed Robin
  2558 | D:3      | Reached skill level 5 in Axes
  2764 | D:3      | Reached XP level 5. HP: 25/46 MP: 5/5
  3129 | D:3      | Found an iron altar of Okawaru.
  3432 | D:3      | Found a snail-covered altar of Cheibriados.
  3765 | D:4      | Noticed Pikel
  3765 | D:4      | Noticed a lemure
  3766 | D:4      | Noticed a lemure
  3770 | D:4      | Noticed a lemure
  3786 | D:4      | Killed Pikel
  3787 | D:4      | Reached skill level 8 in Axes
  3787 | D:4      | Reached skill level 5 in Shields
  3787 | D:4      | Reached XP level 6. HP: 36/52 MP: 6/6
  3787 | D:4      | Reached XP level 7. HP: 40/58 MP: 7/7
  4085 | D:4      | Reached skill level 9 in Axes
  4208 | D:4      | Found a runed translucent gate.
  4208 | D:4      | Found a runed translucent gate.
  4210 | D:4      | Found a runed translucent gate.
  4211 | D:4      | Noticed YoMomma's ghost (amateur TrBe)
  4586 | D:4      | Got the Incunabulum of the Earthen Birds
  4624 | D:4      | Reached XP level 8. HP: 31/66 MP: 8/8
  5054 | D:4      | Reached skill level 10 in Axes
  5319 | D:5      | Entered Level 5 of the Dungeon
  5319 | D:5      | Found a staircase to the Ecumenical Temple.
  5328 | Temple   | Entered the Ecumenical Temple
  5469 | D:5      | Found a runed translucent door.
  5471 | D:5      | Noticed bobkasz's ghost (amateur MfSu)
  5795 | D:5      | Reached skill level 11 in Axes
  5821 | D:5      | Found a runed translucent door.
  5849 | D:5      | You fall into a shaft and drop 2 floors!
  6042 | D:6      | Reached XP level 9. HP: 58/71 MP: 9/9
  6068 | D:6      | Reached skill level 12 in Axes
  6169 | D:6      | Noticed a gargoyle
  6594 | D:7      | Noticed a kobold demonologist
  6651 | D:7      | Noticed an orange demon
  6653 | D:7      | Killed a kobold demonologist
  6654 | D:7      | Reached skill level 13 in Axes
  6883 | D:7      | Found Loemm's Jewellery Emporium.
  7264 | D:7      | Found a basalt altar of Yredelemnul.
  7264 | D:7      | Found a bloodstained altar of Trog.
  7373 | D:7      | Found a burning altar of Makhleb.
  7610 | D:6      | Killed a gargoyle
  7815 | D:6      | Reached skill level 14 in Axes
  8080 | D:6      | Reached XP level 10. HP: 74/78 MP: 10/10
  8411 | D:5      | Paralysed by a hornet for 2 turns
  8419 | D:5      | Slain by a hound

Illustrated notes

Levels and vault maps discovered:
D:1:      beargit_arrival_greenhouse, layout_basic
D:2:      layout_loops_ring, dreamdust_ecumenical_altar_drowned_temple,
          serial_shops, shop
D:3:      layout_loops_cross, okawaru_metal_pillars_3,
          mainiacjoe_overflow_brackets, uniq_robin
D:4:      minmay_thinvault, layout_cave_pools, gammafunk_ghost_split,
          serial_rivers, chequers_serial_rivers_micro_d,
          chequers_serial_rivers_marsh, chequers_serial_rivers_micro_b,
          chequers_serial_rivers_room_b, uniq_pikel
D:5:      layout_rooms, minmay_temple_entry_proselytizer, ebering_ghost_sewer_f
D:6:      layout_loops_cross
D:7:      layout_rooms, mainiacjoe_overflow_divided_tiny,
          mainiacjoe_overflow_alcove_4, serial_shops, nicolae_diamond_shop,
          minmay_misc_feat_iff, hangedman_abyss_or_decor_passed
Temple:   compressed_dpeg_circular_temple

Skill      XL: |  1  2  3  4  5  6  7  8  9 |
---------------+----------------------------+-----
Axes           | 3 4 5 8 9 11 14 | 14.1
Shields        | 4 5 6 7 9 |  9.3
Fighting       | |  3.7
Armour         | |  3.4

Action                   |  1- 3 |  4- 6 |  7- 9 | 10-12 || total
-------------------------+-------+-------+-------+-------++-------
Melee: War axe           |    97 |    85 |   332 |    17 ||   531
       Halberd           |       |     8 |       |       ||     8
Evoke: Wand              |       |       |       |     1 ||     1
  Use: Scroll            |     5 |     2 |     1 |       ||     8
       Potion            |       |     4 |     1 |     5 ||    10
Armor: Scale mail        |    47 |     4 |       |       ||    51
       Plate armour      |       |    62 |   180 |    17 ||   259
Dodge: Dodged            |    31 |    16 |    43 |     9 ||    99
Block: Kite shield       |    45 |    44 |   184 |    17 ||   290
